 Dungeon Crawl Stone Soup version 0.28-a0-1493-g08698888e4 (webtiles) character file.

Game seed: 16276955746729479495

944 browni3141 the Shield-Bearer (level 8, 0/61 HPs)
             Began as a Human Fighter on Jan 13, 2022.
             Slain by a gnoll (7 damage)
             ... on level 5 of the Dungeon.
             The game lasted 00:09:57 (6442 turns).

browni3141 the Shield-Bearer (Human Fighter)        Turns: 6442, Time: 00:09:57

Health: 0/61       AC: 12    Str: 18    XL:     8   Next: 35%
Magic:  8/8        EV:  6    Int:  9    God:
Gold:   92         SH:  5    Dex: 13    Spells: 7/7 levels left

rFire   . . .      SeeInvis .   a - +0 long sword
rCold   . . .      Faith    .   c - +0 buckler
rNeg    . . .      Spirit   .   v - +0 chain mail
rPois   .          Reflect  .   (no helmet)
rElec   .          Harm     .   m - +1 cloak
rCorr   .          Rampage  .   o - +0 pair of gloves
Will    +....                   (no boots)
Stlth   ..........              (no amulet)
HPRegen 0.20/turn               w - ring of willpower
MPRegen 0.11/turn               (no ring)

@: no status effects
A: no striking features
a: no special abilities


You were on level 5 of the Dungeon.
You visited 1 branch of the dungeon, and saw 5 of its levels.

You collected 118 gold pieces.
You spent 26 gold pieces at shops.

Inventory:

Hand Weapons
 a - a +0 long sword (weapon)
Missiles
 j - 7 poisoned darts (quivered)
 s - 5 boomerangs
Armour
 b - a +0 scale mail
 c - a +0 buckler (worn)
 m - a +1 cloak (worn)
 o - a +0 pair of gloves (worn)
 v - a +0 chain mail (worn)
Jewellery
 w - a ring of willpower (left hand)
Wands
 y - a wand of flame (3)
Scrolls
 d - 3 scrolls of teleportation
 f - a scroll of enchant weapon
 h - a scroll of fear
 k - 3 scrolls of immolation
 n - a scroll of vulnerability {unknown}
 p - 2 scrolls of magic mapping {unknown}
 u - 2 scrolls of enchant armour {unknown}
 z - a scroll of noise {unknown}
Potions
 e - a potion of degeneration {unknown}
 g - a potion of attraction {unknown}
 i - 5 potions of curing {unknown}
 l - a potion of magic {unknown}
 q - a potion of resistance {unknown}
 r - a potion of brilliance {unknown}
 x - a potion of heal wounds {unknown}


   Skills:
 + Level 4.7 Fighting
 + Level 5.6 Long Blades
 - Level 3.0 Armour
 - Level 7.0 Shields


You had 7 spell levels left.
You didn't know any spells.
Your spell library contained the following spells:

 Spells                   Type           Power      Damage    Failure   Level
 Beastly Appendage        Tmut           0%         N/A       100%        1
 Wereblood                Tmut           0%         N/A       100%        2
 Conjure Flame            Conj/Fire      0%         6-21      100%        3
 Ignite Poison            Fire/Tmut/Pois 0%         N/A       100%        3
 Spider Form              Tmut/Pois      0%         N/A       100%        3
 Sticky Flame             Conj/Fire      0%         2d3       100%        4


Dungeon Overview and Level Annotations

Branches:
Dungeon (5/15)
 Temple: D:4-7

Altars:
Zin

Shops:
D:4 *

Annotations:
D:3 exclusion: downstairs
D:4 exclusions: door and steam dragon


Message History

The gnoll sergeant is moderately wounded.
The gnoll sergeant hits you with a +0 spear!
You block the gnoll's attack.
You slash the gnoll sergeant!
The gnoll sergeant is almost dead.
The gnoll sergeant hits you but does no damage.
The gnoll hits you from afar with a +0 halberd!
You barely miss the gnoll sergeant.
The gnoll sergeant is almost dead.
You block the gnoll sergeant's attack. The gnoll hits you but does no damage.
You hit the gnoll sergeant but do no damage.
The gnoll sergeant is almost dead.
The gnoll sergeant hits you with a +0 spear.
The gnoll barely misses you.
You closely miss the gnoll sergeant.
The gnoll sergeant is almost dead.
The gnoll sergeant closely misses you.
The gnoll hits you from afar with a +0 halberd.
* * * LOW HITPOINT WARNING * * *
The gnoll sergeant hits you with a +0 spear.
* * * LOW HITPOINT WARNING * * *
You hit the gnoll sergeant but do no damage.
The gnoll sergeant is almost dead.
You block the gnoll's attack.
The gnoll sergeant hits you but does no damage.
The gnoll hits you from afar with a +0 halberd.
* * * LOW HITPOINT WARNING * * *
Unknown command.
You hit the gnoll sergeant but do no damage.
The gnoll sergeant is almost dead.
The gnoll sergeant hits you with a +0 spear.
* * * LOW HITPOINT WARNING * * *
The gnoll hits you from afar with a +0 halberd.
* * * LOW HITPOINT WARNING * * *
Unknown command.
You barely miss the gnoll sergeant.
The gnoll sergeant is almost dead.
You kill the gnoll sergeant!
The gnoll hits you from afar with a +0 halberd!
You die...

.(...## ....
.....#. ...
...(... ..## .
.>..(..##...## ..
........#.#..##...
......(..##....!..
.........g........
.......g<#........
###......#@.......
.........)........
..................
..!........##....#
..........## .....
..........# ....
.......... ...
#<...##.## ...
##.. ##


You could see a gnoll.

Vanquished Creatures
  Sigmund (D:3)
  An ice beast (D:4)
  2 black bears (D:4)
  A centaur (D:4)
  A phantom (D:3)
  A gnoll sergeant (D:5)
  2 howler monkeys (D:4)
  A hound (D:4)
  A jelly (D:5)
  An iguana (D:4)
  An orc wizard (D:4)
  2 gnolls (D:4)
  7 adders
  An ufetubus (D:3)
  2 adder skeletons
  2 worms
  A dart slug (D:4)
  7 orcs
  8 bats
  11 endoplasms
  9 hobgoblins
  2 jackals (D:4)
  3 kobolds
  6 quokkas
  8 ball pythons
  9 frilled lizards
  6 goblins
  8 rats
105 creatures vanquished.

Notes
Turn   | Place    | Note
-------+----------+-------------------------------------------
     0 | D:1      | browni3141 the Human Fighter began the quest for the Orb.
     0 | D:1      | Reached XP level 1. HP: 18/18 MP: 1/1
   244 | D:1      | Reached XP level 2. HP: 24/24 MP: 2/2
   704 | D:1      | Reached skill level 4 in Shields
   704 | D:1      | Reached XP level 3. HP: 26/29 MP: 3/3
  1298 | D:2      | Found a faded altar of an unknown god.
  1487 | D:2      | Reached XP level 4. HP: 23/35 MP: 4/4
  2472 | D:3      | Reached skill level 5 in Shields
  2636 | D:3      | Noticed Sigmund
  2645 | D:3      | Killed Sigmund
  2646 | D:3      | Reached skill level 6 in Shields
  2646 | D:3      | Reached XP level 5. HP: 9/41 MP: 5/5
  2646 | D:3      | Reached XP level 6. HP: 10/47 MP: 6/6
  2652 | D:3      | HP: 2/47 [poisoned by Sigmund]
  4202 | D:3      | Reached skill level 7 in Shields
  4202 | D:3      | Reached XP level 7. HP: 48/52 MP: 7/7
  4535 | D:4      | Noticed a steam dragon
  5015 | D:4      | Found a glowing silver altar of Zin.
  5133 | D:4      | Found Iutav's Incredible Inventory.
  5141 | D:4      | Bought a scroll of identify for 26 gold pieces
  5682 | D:4      | Reached skill level 5 in Long Blades
  5682 | D:4      | Reached XP level 8. HP: 43/60 MP: 8/8
  5934 | D:5      | Entered Level 5 of the Dungeon
  5960 | D:4      | HP: 1/61 [iguana (9)]
  6442 | D:5      | Slain by a gnoll

Illustrated notes

Levels and vault maps discovered:
D:1:      ebering_hopf_link, layout_loops_ring, hangedman_glass_teeth
D:2:      layout_basic, hellmonk_ecumenical_altar_blasted,
          corexii_item_surrounded_by_moat
D:3:      minmay_bubble_buster, layout_basic, nicolae_elevator_lobby_plus,
          uniq_sigmund
D:4:      layout_basic, zin_statuary, nicolae_alphabet_shops,
          minmay_tree_intersection
D:5:      layout_cave_pools, lemuel_tele_altar, nemelex_dance_club_becter,
          overflow_temple_1_default, portal_sewer_entry_d, cheibrodos_gnoll_hut

Skill      XL: |  1  2  3  4  5  6  7 |
---------------+----------------------+-----
Shields        | 4 6 7 |  7.0
Long Blades    | 5 |  5.6
Fighting       | 4 |  4.7
Armour         | |  3.0

Action                   |  1- 3 |  4- 6 |  7- 9 || total
-------------------------+-------+-------+-------++-------
Melee: Long sword        |   145 |   149 |   111 ||   405
Throw: Dart              |     5 |     7 |    43 ||    55
       Boomerang         |       |       |     1 ||     1
Evoke: Wand              |       |       |     4 ||     4
  Use: Potion            |       |     1 |       ||     1
       Scroll            |       |       |     3 ||     3
Armor: Scale mail        |    67 |    59 |       ||   126
       Chain mail        |       |    10 |   104 ||   114
Dodge: Dodged            |    59 |    83 |    41 ||   183
Block: Buckler           |    46 |    42 |    53 ||   141

Table legend: (Time is in decaauts)
 A = Elapsed time spent in this place.
 B = Non-inter-level travel time spent in this place.
 C = Inter-level travel time spent in this place.
 D = Time resting spent in this place.
 E = Time spent auto-exploring this place.
 F = Levels seen in this place.
 G = Mean time per level.
                   A        B        C        D        E       F      G
               +--------+--------+--------+--------+--------+-----+--------+
         Total |   6573 |   6371 |    202 |    782 |   4324 |   5 | 1314.6 |
       Dungeon |   6573 |   6371 |    202 |    782 |   4324 |   5 | 1314.6 |
               +--------+--------+--------+--------+--------+-----+--------+

Top non-repeatable levels by time:
     D:4: 2150 daAuts
     D:3: 1720 daAuts
     D:2: 1508 daAuts
     D:1: 1152 daAuts
     D:5: 41 daAuts
